 Dungeon Crawl Stone Soup version 0.31-a0-774-g0d66cbabe8 (webtiles) character file.

Game seed: 10943283572447989874

1288 pokeman the Thaumaturge (level 8, -1/44 HPs)
             Began as a Deep Elf Hedge Wizard on Sept 17, 2023.
             Was an Initiate of Vehumet.
             Slain by an orc warrior
             ... wielding a +0 dire flail
              (22 damage)
             ... on level 5 of the Dungeon.
             The game lasted 00:08:10 (4992 turns).

pokeman the Thaumaturge (Deep Elf Hedge Wizard)     Turns: 4992, Time: 00:08:11

Health: -1/44      AC:  4    Str:  7    XL:     8   Next: 30%
Magic:  15/23      EV: 13    Int: 22    God:    Vehumet [......]
Gold:   294        SH:  0    Dex: 14    Spells: 18/26 levels left

rFire   . . .        v - +1 short sword (venom)
rCold   . . .        (no shield)
rNeg    . . .        b - +0 robe
rPois   .            c - +0 hat
rElec   .            q - scarf {repulsion}
rCorr   .            j - +0 pair of gloves
SInv    .            s - +0 pair of boots
Will    .....        (no amulet)
Stlth   ++           n - ring of flight
HPRegen 0.27/turn    (no ring)
MPRegen 0.18/turn

%: repel missiles
@: flying
A: no striking features
a: Renounce Religion


You were on level 5 of the Dungeon.
You worshipped Vehumet.
Vehumet was noncommittal.
You visited 2 branches of the dungeon, and saw 6 of its levels.

You collected 294 gold pieces.

Inventory:

Hand Weapons
 v - a +1 short sword of venom (weapon)
Armour
 b - a +0 robe (worn)
 c - a +0 hat (worn)
 j - a +0 pair of gloves (worn)
 q - a scarf of repulsion (worn)
 s - a +0 pair of boots (worn)
Jewellery
 n - a ring of flight (left hand)
Scrolls
 g - 2 scrolls of enchant armour {unknown}
 h - 2 scrolls of torment {unknown}
 i - a scroll of blinking {unknown}
 l - 4 scrolls of revelation {unknown}
 m - 3 scrolls of teleportation {unknown}
 p - a scroll of fog {unknown}
 r - a scroll of noise {unknown}
 t - 2 scrolls of identify {unknown}
 u - a scroll of immolation {unknown}
 w - a scroll of silence {unknown}
 x - a scroll of enchant weapon {unknown}
Potions
 a - a potion of lignification {unknown}
 d - a potion of magic
 e - 3 potions of mutation {unknown}
 f - a potion of haste {unknown}
 k - 2 potions of curing {unknown}
 o - a potion of attraction {unknown}


   Skills:
 - Level 2.0 Fighting
 + Level 3.1 Armour
 - Level 3.0 Dodging
 - Level 3.1 Stealth
 * Level 9.8 Spellcasting
 + Level 5.2 Conjurations
 - Level 1.1 Summonings
 - Level 1.1 Translocations
 - Level 1.1 Air Magic
 - Level 1.1 Poison Magic


You had 18 spell levels left.
You knew the following spells:

 Your Spells              Type           Power      Damage    Failure   Level
a - Magic Dart            Conj           100%       1d8       1%          1
b - Mephitic Cloud        Conj/Pois/Air  21%        N/A       7%          3
c - Call Imp              Summ           30%        N/A       6%          2
d - Blink                 Tloc           30%        N/A       6%          2

Your spell library contained the following spells:

 Spells                   Type           Power      Damage    Failure   Level
 Slow                     Hex            40%        N/A       6%          1
 Cigotuvi's Dreadful Rot  Necr/Pois/Air  28%        N/A       7%          2


Dungeon Overview and Level Annotations

Branches:
Dungeon (5/15)             Temple (1/1) D:5

Altars:
Ashenzari
Cheibriados
Dithmenos
Elyvilon
Fedhas
Gozag
Hepliaklqana
Kikubaaqudgha
Makhleb
Nemelex Xobeh
Okawaru
Qazlal
Ru
Sif Muna
Trog
Vehumet
Wu Jian
Yredelemnul
Zin
The Shining One


Message History

The scorpion is lightly wounded.
The stinking cloud engulfs the orc warrior but does no damage.
The orc warrior is lightly wounded.
You hear a shout! x2
The orc warrior is engulfed in noxious fumes.
The orc warrior appears confused.
The scorpion is engulfed in noxious fumes.
The scorpion appears confused.
The scorpion stings the orc warrior.
The scorpion stings itself.
Unknown command.
There are monsters nearby!
There are monsters nearby!
Unknown command.
Unknown command.
Unknown command.
Unknown command.
You hit the orc warrior.
The orc warrior is lightly wounded.
The orc warrior is engulfed in noxious fumes.
The orc warrior closely misses you.
Unknown command.
Unknown command.
You barely miss the orc warrior.
The orc warrior is lightly wounded.
The scorpion is engulfed in noxious fumes.
The scorpion appears confused.
The scorpion barely misses the orc warrior.
The orc warrior is engulfed in noxious fumes.
The orc warrior appears confused.
The orc warrior barely misses the scorpion.
Unknown command.
You hit the orc warrior but do no damage.
The orc warrior looks as sick as possible!
The orc warrior is moderately wounded.
The scorpion is engulfed in noxious fumes.
The scorpion appears confused.
The orc warrior says, "I'm a little confused."
The orc warrior hits you with a +0 dire flail!!
Ouch! That really hurt!
You die...

..........#.###.#..#..###.....###
................##.####...#####
.............)...#..#...###
...........#....†##...###
...........#.....)#.#####..
##.........#......#.#>.....
##############......# ...#
#......# .8o.8 ##@#####
....).##o# ...ooo)☼s# ....)o####
.8..8 ...# ##


You could see an orc warrior (confused, extremely poisoned) and a scorpion
(confused).

Vanquished Creatures
  Sigmund (D:2)
  Duvessa (D:4)
  An ogre (D:5)
  3 phantoms (D:5)
  A bullfrog (D:4)
  2 scorpions (D:5)
  Dowan (D:4)
  6 hounds
  A jelly (D:5)
  A sleepcap (D:5)
  Terence (D:2)
  7 adders
  2 ufetubi
  4 dart slugs
  11 orcs
  6 bats
  8 endoplasms
  4 giant cockroaches
  4 goblins
  5 hobgoblins
  11 jackals
  2 quokkas
  9 ball pythons
  5 frilled lizards
  7 kobolds
  7 rats
111 creatures vanquished.

Vanquished Creatures (collateral kills)
  A sleepcap (D:5)
  An orc wizard (D:5)
  2 orcs (D:5)
4 creatures vanquished.

Vanquished Creatures (others)
  An orc (D:2)
1 creature vanquished.

Grand Total: 116 creatures vanquished

Notes
Turn   | Place    | Note
-------+----------+-------------------------------------------
     0 | D:1      | pokeman the Deep Elf Hedge Wizard began the quest for the
                  | Orb.
     0 | D:1      | Reached XP level 1. HP: 10/10 MP: 7/7
   397 | D:1      | Reached XP level 2. HP: 15/15 MP: 7/9
   693 | D:1      | Found a faded altar of an unknown god.
   893 | D:1      | Reached skill level 5 in Spellcasting
  1163 | D:2      | Reached XP level 3. HP: 20/20 MP: 8/11
  1167 | D:2      | Learned a level 3 spell: Mephitic Cloud
  1170 | D:2      | Learned a level 2 spell: Call Imp
  1173 | D:2      | Learned a level 2 spell: Blink
  1301 | D:2      | Noticed Sigmund
  1319 | D:2      | Killed Sigmund
  1320 | D:2      | Reached skill level 1 in Fighting
  1320 | D:2      | Reached skill level 1 in Armour
  1320 | D:2      | Reached skill level 6 in Spellcasting
  1320 | D:2      | Reached XP level 4. HP: 26/26 MP: 8/14
  1320 | D:2      | Reached XP level 5. HP: 30/30 MP: 8/15
  1469 | D:2      | Noticed Terence
  1485 | D:2      | Killed Terence
  1920 | D:3      | Reached XP level 6. HP: 35/35 MP: 9/17
  2775 | D:4      | Found a burning altar of Makhleb.
  2782 | D:4      | Reached skill level 7 in Spellcasting
  2913 | D:4      | Reached skill level 1 in Poison Magic
  3094 | D:4      | Noticed Dowan
  3095 | D:4      | Noticed Duvessa
  3112 | D:4      | Killed Duvessa
  3113 | D:4      | Reached skill level 1 in Air Magic
  3113 | D:4      | Reached XP level 7. HP: 34/39 MP: 13/20
  3115 | D:4      | Killed Dowan
  3767 | D:5      | Entered Level 5 of the Dungeon
  3783 | D:5      | Reached skill level 8 in Spellcasting
  4278 | D:5      | Reached skill level 9 in Spellcasting
  4490 | D:5      | Reached XP level 8. HP: 24/44 MP: 14/23
  4649 | D:5      | Found a staircase to the Ecumenical Temple.
  4656 | D:5      | Reached skill level 5 in Conjurations
  4664 | Temple   | Entered the Ecumenical Temple
  4673 | Temple   | Became a worshipper of Vehumet
  4965 | D:5      | Found a runed translucent door.
  4992 | D:5      | Slain by an orc warrior

Illustrated notes

Levels and vault maps discovered:
D:1:      giann_forest_graveyard, layout_loops_ring,
          shapermc_ecumenical_altar_mp_highgroup, roderic_serpentine_path
D:2:      layout_rooms, uniq_sigmund, uniq_terence
D:3:      layout_rooms
D:4:      layout_loops_corners, makhleb_heckhound_becter, uniq_duvessa
D:5:      minmay_skewed_foursquare, layout_rooms,
          minmay_temple_entry_mini_moons, lightli_church_of_beogh
Temple:   hellmonk_temple_of_storms

Skill      XL: |  1  2  3  4  5  6  7  8 |
---------------+-------------------------+-----
Spellcasting   | 5 6 7 9 |  9.8
Fighting       | 1 2 |  2.0
Armour         | 1 2 3 |  3.1
Conjurations   | 2 3 4 5 |  5.2
Dodging        | 3 |  3.0
Stealth        | 3 |  3.1
Poison Magic   | 1 |  1.1
Air Magic      | 1 |  1.1
Summonings     | |  1.1
Translocations | |  1.1

Action                     |  1- 3 |  4- 6 |  7- 9 || total
---------------------------+-------+-------+-------++-------
  Melee: Falchion          |    36 |    50 |       ||    86
         Punch             |     1 |       |     1 ||     2
         Short sword       |       |    25 |    44 ||    69
   Cast: Magic Dart        |    56 |    91 |    93 ||   240
         Mephitic Cloud    |     2 |     5 |     6 ||    13
         Call Imp          |       |       |     2 ||     2
         Blink             |       |       |     1 ||     1
   Stab: Confused          |     3 |     2 |     1 ||     6
 Armour: Robe              |    34 |    73 |    50 ||   157
  Dodge: Dodged            |    35 |    88 |    42 ||   165
         Repelled          |       |     2 |       ||     2

Table legend: (Time is in decaauts)
 A = Elapsed time spent in this place.
 B = Non-inter-level travel time spent in this place.
 C = Inter-level travel time spent in this place.
 D = Time resting spent in this place.
 E = Time spent auto-exploring this place.
 F = Levels seen in this place.
 G = Mean time per level.
                   A        B        C        D        E       F      G
               +--------+--------+--------+--------+--------+-----+--------+
         Total |   5016 |   4916 |    100 |      0 |   4158 |   6 |  836.0 |
       Dungeon |   4997 |   4905 |     92 |      0 |   4158 |   5 |  999.4 |
        Temple |     18 |     10 |      8 |      0 |      0 |   1 |   18.0 |
               +--------+--------+--------+--------+--------+-----+--------+

Top non-repeatable levels by time:
     D:4: 1325 daAuts
     D:5: 1206 daAuts
     D:1: 1053 daAuts
     D:2: 853 daAuts
     D:3: 559 daAuts
  Temple: 18 daAuts
